[Event "Late-Titled-Tuesday-Blitz-March-05-2024"]
[Site "Chess.com"]
[Date "2024.03.05"]
[Round "5"]
[White "XDPS"]
[Black "Szparu"]
[Result "0-1"]
[WhiteElo "2898"]
[BlackElo "2810"]
[TimeControl "180+1"]
[EndTime "14:55:14 PST"]
[Termination "Szparu won by checkmate"]

1. d4 Nf6 2. Nf3 c5 3. d5 b5 4.
a4 b4 5. c4 g6 6. b3 Bg7 7.
Bb2 O-O 8. g3 e6 9. dxe6 fxe6 10. Bg2 Bb7 11. O-O d6 12. Nbd2 e5 13. Qc2 Nbd7 14.
Rad1 Qe7 15. Ng5 Bxg2 16. Kxg2 Ng4 17. Ndf3 e4 18. Qxe4 Qxe4 19. Nxe4 Bxb2 20. Rxd6 Nde5 21. Nxc5 Nxf3 22. exf3 Ne5 23. f4 Nf7 24. Rd5 Rfe8 25. h4 Re7 26. h5 Rae8 27. hxg6 hxg6 28. Nd3 Bc3 29. Rb5 Nd6 30. Rg5 Kf7 31. Rh1 Nf5 32.
Rh7+ Kf6 33. Rh3 Nd4 34. Ne5 Rxe5 35. Rxe5 Rxe5 36. fxe5+ Kxe5 37. f4+ Ke4 38. Rh6 Nxb3 39. Rxg6 Nc5 40. Rc6 Kd4 41. f5 b3 42. f6 b2 43. f7 b1=Q 44. f8=Q Ne4 45. Qd8+ Ke3 46. Re6 Qa2+ 47. Kh3 Qxc4 48. Qd7 Qf1+ 49. Kh4 Bf6+ 50. Kh5 Qf5+ 51. Kh6 Qg5+ 52. Kh7 Qh5+ 53. Kg8 Qh8+ 54.
Kf7 Qg7+ 55. Ke8 Qg8# 0-1

[Event "Late-Titled-Tuesday-Blitz-March-05-2024"]
[Site "Chess.com"]
[Date "2024.03.05"]
[Round "5"]
[White "GlavkonVVS"]
[Black "Sokoloco"]
[Result "0-1"]
[WhiteElo "2545"]
[BlackElo "2759"]
[TimeControl "180+1"]
[EndTime "14:55:14 PST"]
[Termination "Sokoloco won by resignation"]

1. c4 d6 2. Nc3 g6 3. Nf3 Bg7 4. d4 Nd7 5. Bg5 c5 6. e3 Ngf6 7. h3 O-O 8. Be2 b6 9. O-O Bb7 10. d5 Ne5 11. Nxe5 dxe5 12. e4 Ne8 13. a3 Nd6 14. b4 Rc8 15. Qb3 Ba6 16. Rfc1 Qd7 17. b5 Bb7 18. a4 f5 19. a5 Ra8 20. a6 Bc8 21. Qc2 f4 22. Bg4 Qd8 23.
Be6+ Kh8 24. Qd3 h6 25. Bh4 g5 26. Bxg5 hxg5 27. Qf3 Qe8 28. Qg4 Qg6 29. h4 Nxe4 30. Nxe4 Qxe4 31. hxg5 Bxe6 32. dxe6 Rad8 33. Ra3 Qg6 34.
Rh3+ Kg8 35. Re1 e4 36. Qe2 e3 37. fxe3 fxe3 38. Rxe3 Bd4 39. Qg4 Rf5 40. Kh2 Bxe3 41. Rxe3 Rxg5 42. Qe2 Rd4 43. Qf3 Qh5+ 44. Qxh5 Rxh5+ 45. Kg1 Rxc4 0-1

[Event "Late-Titled-Tuesday-Blitz-March-05-2024"]
[Site "Chess.com"]
[Date "2024.03.05"]
[Round "5"]
[White "Mikhail_Golubev"]
[Black "Veleamater"]
[Result "1-0"]
[WhiteElo "2632"]
[BlackElo "2318"]
[TimeControl "180+1"]
[EndTime "14:55:14 PST"]
[Termination "Mikhail_Golubev won by resignation"]

1. e4 d6 2. f4 c5 3. Nf3 Nc6 4. Nc3 h5 5. d4 cxd4 6. Nxd4 Nxd4 7. Qxd4 Nf6 8. Be3 g6 9. e5 Ng4 10. exd6 Nxe3 11. Qxe3 Bg7 12. O-O-O e6 13. d7+ Bxd7 14. Bb5 O-O 15. Rxd7 Qa5 16. Bc4 b5 17. Bb3 Rac8 18. Rxa7 Qb4 19. a3 Qd6 20. Rd1 Qb8 21. Ne4 Bh6 22.
g3 Rc7 23. Rxc7 Qxc7 24. Qc3 Qxc3 25. Nxc3 e5 26. Rf1 Re8 27. Kd1 exf4 28. gxf4 Kg7 29. f5 Re5 30. f6+ Kf8 31. Nd5 Bg5 32. c3 Re4 33.
Re1 Rh4 34. Re2 Rh3 35. Kc2 Rf3 36. a4 bxa4 37. Bxa4 Bxf6 38. Nxf6 Rxf6 39. Kd2 g5 40. Ke1 g4 41. Rf2 Re6+ 42. Kf1 Kg7 43. Rxf7+ Kxf7 44.
Bb3 Kf6 45. Bxe6 Kxe6 46. h3 Kd5 47. hxg4 hxg4 48. Kg2 Ke4 49. Kg3 Kf5 50. b4 1-0

[Event "Late-Titled-Tuesday-Blitz-March-05-2024"]
[Site "Chess.com"]
[Date "2024.03.05"]
[Round "5"]
[White "AldokhinIvan"]
[Black "FabianoCaruana"]
[Result "0-1"]
[WhiteElo "2696"]
[BlackElo "3057"]
[TimeControl "180+1"]
[EndTime "14:55:16 PST"]
[Termination "FabianoCaruana won on time"]

1. e4 c5 2. Nf3 Nc6 3. d4 cxd4 4. Nxd4 Nf6 5. Nc3 e5 6. Ndb5 d6 7. Bg5 a6 8. Bxf6 gxf6 9. Na3 b5 10. Nd5 Bg7 11.
c3 f5 12. g3 fxe4 13. Bg2 Be6 14. Bxe4 O-O 15. Nc2 f5 16. Bg2 Rc8 17. O-O e4 18. a4 b4 19. cxb4 Ne5 20. Nce3 Nd3 21. f3 Nxb2 22.
Qe2 Nc4 23. Rad1 exf3 24. Bxf3 Nb2 25. Nf4 Bf7 26. Rd2 Re8 27. Bd5 Rc7 28. Bxf7+ Rxf7 29. Nfd5 Nxa4 30. Qxa6 Nc3 31. Qc4 Ne4 32. Re2 Kh8 33.
Nxf5 Ng5 34. Rxe8+ Qxe8 35. Qg4 h6 36. Nf4 Kh7 37. Qh5 Qe4 38. Qg6+ Kh8 39. Nh5 Bd4+ 40. Rf2 Qe1+ 41. Kg2 Qxf2+ 0-1

[Event "Late-Titled-Tuesday-Blitz-March-05-2024"]
[Site "Chess.com"]
[Date "2024.03.05"]
[Round "5"]
[White "toninhojit"]
[Black "Binary010"]
[Result "1-0"]
[WhiteElo "2525"]
[BlackElo "2805"]
[TimeControl "180+1"]
[EndTime "14:55:16 PST"]
[Termination "toninhojit won by resignation"]

1. d4 Nf6 2. c4 e6 3. Nf3 b6 4.
g3 Ba6 5. b3 d5 6. Nbd2 Bd6 7. Bg2 O-O 8. O-O c5 9. Bb2 Nc6 10. dxc5 bxc5 11. Rc1 d4 12. Ng5 Rc8 13. Qc2 Nb4 14. Qb1 h6 15. Nge4 Nxe4 16. Nxe4 Be7 17.
a3 Nc6 18. Rfd1 Qb6 19. Nd2 Na5 20. Qd3 Rfd8 21. Rb1 Bg5 22. f4 Be7 23. Ba1 Qc7 24. Rdc1 Bb7 25. b4 Bxg2 26. Kxg2 cxb4 27. axb4 Nc6 28. b5 Nb4 29. Qf3 d3 30. Be5 Qd7 31. e3 f6 32. Bc3 Na2 33. Ba5 Nxc1 34. Bxd8 Qxd8 35. Rxc1 Qa5 36. Qd1 Bb4 37. Nb3 Qa2+ 38. Kh3 Qe2 39. Nd4 Qxe3 40. Nc6 Bc5 41. Rc3 Rc7 42.
Rxd3 Qe4 43. Rd8+ Kh7 44. Qd3 Qxd3 45. Rxd3 Kg6 46. Kg4 h5+ 47. Kf3 Kf5 48. h3 g5 49.
g4+ hxg4+ 50. hxg4+ Kg6 51. Rd8 Rh7 52. fxg5 Rh6 53.
gxh6 1-0

[Event "Late-Titled-Tuesday-Blitz-March-05-2024"]
[Site "Chess.com"]
[Date "2024.03.05"]
[Round "5"]
[White "mightysmasher"]
[Black "Abduzhaparov"]
[Result "1-0"]
[WhiteElo "2591"]
[BlackElo "2445"]
[TimeControl "180+1"]
[EndTime "14:55:16 PST"]
[Termination "mightysmasher won by resignation"]

1. e4 d6 2. d4 Nf6 3. Nc3 e5 4. dxe5 dxe5 5. Qxd8+ Kxd8 6. Bg5 Be6 7. O-O-O+ Nd7 8. Nf3 Bd6 9. Nd5 Bxd5 10. exd5 h6 11.
Bh4 g5 12. Bg3 Nh5 13. Be2 Re8 14. Kb1 f5 15. Bxe5 Nxe5 16. Nxe5 Nf4 17. Nf7+ Kd7 18. Bb5+ Ke7 19. Nxd6 Kxd6 20. Bxe8 Rxe8 21. g3 Ng6 22. Rhe1 Rxe1 23. Rxe1 Kxd5 24. Rd1+ Ke6 25. Re1+ Kd5 26. Rd1+ Ke6 27. c3 Ne5 28. Kc2 Ng4 29. Re1+ Kd6 30. f4 Nxh2 31. Re5 Ng4 32. Re1 gxf4 33. gxf4 c5 34.
c4 h5 35. Rh1 Ne3+ 36. Kc3 Ng2 37. Rxh5 Ke6 38. Rh6+ Kd7 39. Rf6 Nxf4 40. Rxf5 Ne6 41.
a3 b6 42. b4 Kd6 43. Rd5+ Kc6 44. Rh5 a5 45. bxa5 bxa5 46. Rh6 Kd7 47. Kb3 Nd4+ 48. Ka4 Nf5 49. Rh5 Ne3 50. Rxc5 Kd6 51. Kb5 a4 52. Rc6+ Kd7 53. Ra6 Nc2 54. c5 Kc7 55. Ra7+ Kb8 56.
Rxa4 Kb7 57. c6+ Kb8 58. Kb6 1-0

[Event "Late-Titled-Tuesday-Blitz-March-05-2024"]
[Site "Chess.com"]
[Date "2024.03.05"]
[Round "5"]
[White "Bala-Afiada"]
[Black "IngOscarArdila"]
[Result "0-1"]
[WhiteElo "1873"]
[BlackElo "2328"]
[TimeControl "180+1"]
[EndTime "14:55:16 PST"]
[Termination "IngOscarArdila won by resignation"]

1. d4 Nf6 2. c4 e6 3. g3 Be7 4. Nf3 O-O 5. Bg2 d6 6. O-O Nbd7 7. Nc3 c6 8. e4 Qc7 9. Bf4 e5 10. dxe5 dxe5 11. Bg5 h6 12. Bd2 Nc5 13. Qc2 Bg4 14. h3 Bxf3 15. Bxf3 Ne6 16. Ne2 Rad8 17. Bg2 Rfe8 18.
Rad1 Bc5 19. Bc3 Bd4 20. Nxd4 exd4 21. Bb4 c5 22. Bd2 a6 23. Qb3 b6 24. f4 d3 25. e5 Nd4 26. Qxd3 Nh5 27. Kh2 g6 28. Bc3 Nf5 29. Qf3 Nhxg3 30. Rxd8 Rxd8 31. Be1 Nxf1+ 32. Bxf1 Nd4 33. Qe4 Qc6 34. Qxc6 Nxc6 35. Bg2 Nd4 36. Bd5 Kg7 37. Bh4 Rd7 38. Bf6+ Kf8 39. Kg3 Ne6 40.
Kf3 b5 41. b3 bxc4 42. bxc4 a5 43. Ke4 a4 44. h4 a3 45. f5 gxf5+ 46. Kxf5 Nd4+ 47. Ke4 Ra7 48. e6 fxe6 49. Bxe6 Nxe6 50. Kd5 Kf7 0-1

[Event "Late-Titled-Tuesday-Blitz-March-05-2024"]
[Site "Chess.com"]
[Date "2024.03.05"]
[Round "5"]
[White "Firouzja2003"]
[Black "chess94cu"]
[Result "1-0"]
[WhiteElo "3208"]
[BlackElo "2647"]
[TimeControl "180+1"]
[EndTime "14:55:17 PST"]
[Termination "Firouzja2003 won by resignation"]

1. e4 e5 2. Nf3 Nc6 3. Bb5 a6 4. Ba4 Nf6 5. d3 d6 6. c3 g6 7. O-O Bg7 8. Re1 O-O 9. Nbd2 Re8 10. Nf1 h6 11. Ng3 b5 12. Bc2 Bb7 13. d4 Qd7 14. a3 Rad8 15. d5 Ne7 16. a4 c6 17. dxc6 Nxc6 18. axb5 axb5 19. Bb3 d5 20. exd5 Nxd5 21.
Ne4 Nf6 22. Qxd7 Rxd7 23. Nxf6+ Bxf6 24. Bxh6 e4 25. Nd2 Nd8 26. Bc2 e3 27. Rxe3 Rxe3 28. Bxe3 b4 29. cxb4 Bxb2 30. Rb1 Bc3 31. Ne4 Bxe4 32.
Bxe4 Bxb4 33. g3 Bf8 34. h4 Ne6 35. Rb5 Rd8 36. h5 gxh5 37. Rxh5 Bg7 38. Kg2 Bd4 39.
Bc1 Rc8 40. Rh1 Rc4 41. Rd1 Bc5 42. Bf5 Ra4 43. Rd5 Rc4 44. Bd2 Bf8 45. Be3 Bc5 46. Bxe6 Bxe3 47. Rd8+ Kg7 48. Bxc4 Bxf2 49. Kxf2 1-0

[Event "Late-Titled-Tuesday-Blitz-March-05-2024"]
[Site "Chess.com"]
[Date "2024.03.05"]
[Round "5"]
[White "DeArron_Fox"]
[Black "ljuks68"]
[Result "0-1"]
[WhiteElo "2539"]
[BlackElo "2439"]
[TimeControl "180+1"]
[EndTime "14:55:18 PST"]
[Termination "ljuks68 won on time"]

1. d4 d5 2. c4 c6 3. Nc3 Nf6 4.
e3 e6 5. Nf3 Nbd7 6. Qc2 Bd6 7.
Bd3 dxc4 8. Bxc4 b5 9. Bd3 Bb7 10. O-O O-O 11. h3 Rc8 12. e4 e5 13. dxe5 Nxe5 14.
Nxe5 Bxe5 15. Be3 a6 16. Bc5 Re8 17. Rad1 Qc7 18. Ne2 Nd7 19. f4 Nxc5 20. Qxc5 Bd6 21. Qh5 g6 22. Qh4 c5 23. e5 Be7 24. Qh6 c4 25. Bb1 Bc5+ 26. Kh2 Be3 27. Qg5 Rcd8 28. Ng3 Rxd1 29. Rxd1 Qe7 30. Qg4 Qe6 31. Bf5 h5 32. Qg5 Qe7 33. Qh6 Qxe5 34. Bxg6 Qg7 35. Qxg7+ Kxg7 36. Bc2 h4 37. Nf5+ Kf6 38. Nxe3 Rxe3 39. Rd6+ Kg7 40.
Rd2 b4 41. f5 Kf6 42. Rd6+ Kg5 43. Rb6 Bd5 44. Rxa6 Re2 45. Bd1 Rxg2+ 46. Kh1 Rxb2+ 47. Kg1 c3 48. Rd6 Be4 49. Rd4 Kf4 0-1

[Event "Late-Titled-Tuesday-Blitz-March-05-2024"]
[Site "Chess.com"]
[Date "2024.03.05"]
[Round "5"]
[White "ArtemDyachuk"]
[Black "Antipov_Mikhail_Al"]
[Result "0-1"]
[WhiteElo "2685"]
[BlackElo "2940"]
[TimeControl "180+1"]
[EndTime "14:55:20 PST"]
[Termination "Antipov_Mikhail_Al won on time"]

1. d4 Nf6 2. c4 e6 3. Nf3 d5 4. g3 Bb4+ 5. Bd2 Be7 6. Qc2 O-O 7. Bg2 Nbd7 8. O-O h6 9. Rc1 c6 10. Bf4 a5 11. Nbd2 g5 12. Be5 Ng4 13. cxd5 exd5 14. e4 Ngf6 15. exd5 Nxd5 16. Nc4 N7b6 17. Nfd2 Nxc4 18.
Nxc4 Be6 19. Re1 Nb4 20. Qc3 Bd5 21. a3 Bxg2 22. Kxg2 Nd5 23. Qc2 Qd7 24. Rad1 Rfe8 25. Qb3 Bf8 26. Re2 Re6 27. Rde1 Rae8 28. Qc2 f6 29. Qg6+ Qg7 30. Qf5 fxe5 31. dxe5 Qf7 32. Qe4 Bg7 33. Qd3 Qc7 34. Nd6 Rf8 35. Rc1 Qe7 36. Nc4 a4 37. Na5 Rxe5 38. Rxe5 Qxe5 39. Rc2 Qe7 40. Nc4 Rf7 41. Re2 Qf6 42. Ne3 Qf3+ 43.
Kg1 Re7 0-1

[Event "Late-Titled-Tuesday-Blitz-March-05-2024"]
[Site "Chess.com"]
[Date "2024.03.05"]
[Round "5"]
[White "Englishman_18"]
[Black "ccccvhhhj"]
[Result "0-1"]
[WhiteElo "2284"]
[BlackElo "2461"]
[TimeControl "180+1"]
[EndTime "14:55:20 PST"]
[Termination "ccccvhhhj won on time"]

1. Nf3 d5 2. g3 c6 3. Bg2 Bf5 4. O-O Nd7 5. c4 e5 6. cxd5 cxd5 7. d3 Ngf6 8. Nc3 Bd6 9. Qb3 Nb6 10. Bg5 Be6 11.
d4 e4 12. Ne5 O-O 13. Qd1 h6 14. Be3 Bxe5 15. dxe5 Ng4 16. Bd4 Nc4 17. Rb1 Qc7 18. b3 Ncxe5 19. h3 Nf6 20. Nb5 Qb8 21. Rc1 Rc8 22.
Rxc8+ Bxc8 23. Bc5 Bd7 24. Bd6 Qd8 25. Nc7 Nc6 26. Nxa8 Qxa8 27. Ba3 Be6 28. Bb2 Nd7 29. Qd2 Nde5 30. Rc1 Qd8 31. b4 f6 32. b5 Ne7 33.
g4 Nc4 34. Qc2 Qb6 35. a4 Nxb2 36. Qxb2 Ng6 37. Qc2 Nf4 38. Bf1 Bf7 39. Qc7 Qd4 40. Qxf4 Bg6 41. Rc8+ Kh7 0-1

[Event "Late-Titled-Tuesday-Blitz-March-05-2024"]
[Site "Chess.com"]
[Date "2024.03.05"]
[Round "5"]
[White "Fh2411"]
[Black "Slovineanu"]
[Result "1-0"]
[WhiteElo "2646"]
[BlackElo "2483"]
[TimeControl "180+1"]
[EndTime "14:55:22 PST"]
[Termination "Fh2411 won by resignation"]

1. d4 Nf6 2. Nf3 d5 3. Bf4 e6 4. e3 c5 5. c3 Bd6 6. Bb5+ Nc6 7.
Bg3 O-O 8. Nbd2 a6 9. Bd3 b5 10. Ne5 Bb7 11. f4 b4 12. O-O bxc3 13. bxc3 cxd4 14.
cxd4 Nb4 15. Bh4 Nxd3 16. Nxd3 Be7 17. Ne5 Ne4 18. Bxe7 Qxe7 19. Nb3 a5 20. Rc1 Qa3 21. Qc2 a4 22. Nc5 Qxe3+ 23. Kh1 Ba6 24. Nxa6 Rxa6 25. Rcd1 Raa8 26. Rf3 Rfc8 27. Nc6 Nf2+ 28. Rxf2 Qa3 29. Rf3 Qd6 30. Rc3 Rc7 31. Ne5 Rac8 32. Rxc7 Rxc7 33. Qxa4 g6 34. h3 Kg7 35. Rb1 f6 36. Nd3 Rc4 37.
Qa7+ Kh6 38. Rb7 g5 39. Rxh7+ Kg6 40. g4 Qf8 41. Qd7 gxf4 42. Nxf4+ Kg5 43. Nxe6+ 1-0

[Event "Late-Titled-Tuesday-Blitz-March-05-2024"]
[Site "Chess.com"]
[Date "2024.03.05"]
[Round "5"]
[White "flubs"]
[Black "Bykov_Egor"]
[Result "0-1"]
[WhiteElo "2451"]
[BlackElo "2591"]
[TimeControl "180+1"]
[EndTime "14:55:22 PST"]
[Termination "Bykov_Egor won on time"]

1. c4 Nf6 2. Nc3 g6 3. g3 Bg7 4. Bg2 O-O 5. Nf3 d6 6. O-O Nc6 7. d3 e5 8. Rb1 a5 9. a3 Be6 10. Bg5 Qd7 11. b4 axb4 12. axb4 h6 13. Bxf6 Bxf6 14. Nd2 Rab8 15. Nd5 Bg7 16. e3 Ne7 17. Qb3 c6 18. Nxe7+ Qxe7 19. b5 Qc7 20. Rfc1 h5 21. Ra1 h4 22. Ra7 Qb6 23. Rca1 e4 24. d4 f5 25. gxh4 cxb5 26. Qxb5 Qxb5 27. cxb5 Rfc8 28.
Nf1 d5 29. Ng3 f4 30. Nh1 Rc2 31. Bf1 Bh6 32. R7a3 Rf8 33. b6 fxe3 34. fxe3 Rf3 35. Re1 Bg4 36. Bg2 Rf5 37. h3 Bh5 38. Ra8+ Kg7 39.
Rb8 Rf7 40. Rc8 Rxc8 41. Ng3 Rc3 0-1

[Event "Late-Titled-Tuesday-Blitz-March-05-2024"]
[Site "Chess.com"]
[Date "2024.03.05"]
[Round "5"]
[White "JackRodgers"]
[Black "rickywsb"]
[Result "0-1"]
[WhiteElo "2503"]
[BlackElo "2364"]
[TimeControl "180+1"]
[EndTime "14:55:23 PST"]
[Termination "rickywsb won on time"]

1. d4 d6 2. c4 Nf6 3. Nc3 g6 4. e4 Bg7 5. h3 O-O 6. Be3 Nbd7 7. g4 c5 8. d5 Qb6 9. Qc2 e6 10. Nge2 exd5 11. cxd5 Ne5 12. Bg2 Nc4 13. Bc1 Re8 14. O-O Qd8 15. b3 Ne5 16. f4 Nexg4 17. hxg4 Nxg4 18.
Qd3 b5 19. Bb2 c4 20. Qf3 b4 21. Nd1 c3 22. Bc1 Ba6 23. Qxg4 c2 24. Nb2 f5 25. Qf3 Rxe4 26. Rf2 Qe7 27. Ng3 Re1+ 28. Bf1 Rc8 29. Kg2 Bb7 30. a3 bxa3 31. Rxa3 Rxc1 32.
Nc4 Bd4 33. Rd2 Bc5 34. Rxa7 Rc7 35. Re2 Qf7 36. Ra2 Bxd5 37. Raxc2 Bxf3+ 38. Kxf3 Rxc2 39. Rxc2 d5 40. Ne5 Qe7 41. Bd3 Bd6 42. Re2 Qh4 43. b4 Bxe5 44. Rxe5 Qg4+ 45. Kf2 Qxf4+ 0-1

[Event "Late-Titled-Tuesday-Blitz-March-05-2024"]
[Site "Chess.com"]
[Date "2024.03.05"]
[Round "5"]
[White "SchmakAttack"]
[Black "subham777"]
[Result "1/2-1/2"]
[WhiteElo "2812"]
[BlackElo "2602"]
[TimeControl "180+1"]
[EndTime "14:55:24 PST"]
[Termination "Game drawn by repetition"]

1. Nf3 d5 2. b3 Nf6 3. Bb2 e6 4. g3 Be7 5. Bg2 O-O 6. O-O c5 7. d3 Nc6 8. Nbd2 Qc7 9. e4 dxe4 10. dxe4 e5 11. h3 Be6 12. Qe2 Rfd8 13. Rfd1 a6 14. a4 Nd4 15. Nxd4 cxd4 16. Rac1 Bb4 17. Nf3 Bc3 18. Bxc3 dxc3 19. Nh4 Qc5 20. Nf5 b5 21. axb5 axb5 22. Qe3 Qxe3 23. Nxe3 Kf8 24. f4 exf4 25.
gxf4 Rxd1+ 26. Rxd1 Re8 27. Rd4 g6 28. Kf2 Nh5 29.
Kf3 Bc8 30. Bf1 Bb7 31. Bxb5 Rxe4 32. Rxe4 f5 33. b4 Bxe4+ 34. Kf2 Nxf4 35. Bf1 Nd5 36. Nxd5 Bxd5 37. Ke3 Be4 38. Bd3 Bxd3 39. Kxd3 Ke7 40.
Kxc3 Kd6 41. Kd4 g5 42. c4 f4 43. c5+ Kc6 44. Kc4 h5 45. b5+ Kb7 46. c6+ Kb6 47.
Kd4 g4 48. hxg4 hxg4 49. Ke4 f3 50. Ke3 Kc7 51. Kf2 Kb6 52. Kg3 Kc7 53. Kf2 Kd6 54.
Kg3 Kc7 55. Kf2 1/2-1/2

[Event "Late-Titled-Tuesday-Blitz-March-05-2024"]
[Site "Chess.com"]
[Date "2024.03.05"]
[Round "5"]
[White "jcibarra"]
[Black "Hamisandwich"]
[Result "1/2-1/2"]
[WhiteElo "2928"]
[BlackElo "2669"]
[TimeControl "180+1"]
[EndTime "14:55:25 PST"]
[Termination "Game drawn by repetition"]

1. e4 c6 2. Nf3 d5 3. d3 a6 4. Qe2 g6 5. g3 Bg7 6. Bg2 Nd7 7.
e5 Nc5 8. O-O h5 9. d4 Ne6 10.
c4 dxc4 11. Qxc4 Nh6 12. Nc3 Nc7 13. Ng5 O-O 14. Rd1 Be6 15. Nxe6 fxe6 16. Ne4 Nf5 17. Nc5 Qc8 18. Qb3 Rb8 19. Bg5 Bh6 20. Bxh6 Nxh6 21.
Rac1 Nd5 22. Ne4 Nf5 23. Ng5 Qd7 24. Be4 Kg7 25. Rd3 Rbd8 26. Rcd1 Rb8 27. Rf3 Rbd8 28. a3 Kh6 29. h4 Kg7 30. Kg2 Rb8 31. Qd3 Nc7 32.
a4 Rbd8 33. Qc4 Nd5 34. Rb3 Rb8 35. Bb1 Nc7 36. Be4 Nd5 37. a5 Rbd8 38. Qc5 Rb8 39. Rf3 Rbd8 40. Rb3 Rb8 41. Nh3 Rbd8 42. Rbd3 Rb8 43. Bxd5 exd5 44. Ng5 e6 45. Rb3 Rfe8 46. Rdd3 Qe7 47. Qb6 Qd7 48. Rf3 Rf8 49. Rf4 Rfe8 50. Rd3 Rf8 51. Rb3 Rfe8 52. Qc5 Qe7 53. Qb6 Qd7 1/2-1/2

[Event "Late-Titled-Tuesday-Blitz-March-05-2024"]
[Site "Chess.com"]
[Date "2024.03.05"]
[Round "5"]
[White "GotCheeseCheckers"]
[Black "TigrVShlyape"]
[Result "0-1"]
[WhiteElo "2511"]
[BlackElo "2855"]
[TimeControl "180+1"]
[EndTime "14:55:25 PST"]
[Termination "TigrVShlyape won by resignation"]

1. e4 Nf6 2. e5 Nd5 3. d4 d6 4. Nf3 g6 5. Bc4 c6 6. O-O Bg7 7. exd6 Qxd6 8. Nbd2 Bf5 9. c3 O-O 10. Re1 Nd7 11. Ne4 Bxe4 12. Rxe4 e6 13. Re1 b5 14. Bb3 a5 15. a4 b4 16. c4 Ne7 17. Bg5 Rfe8 18. Ne5 Nxe5 19. dxe5 Bxe5 20. Bxe7 Rxe7 21. Qxd6 Bxd6 22. Rad1 Bf4 23. Bc2 c5 24. b3 f5 25.
g3 Bc7 26. f4 Kf7 27. Rd3 Rg8 28. Red1 g5 29. fxg5 Rxg5 30. Kf2 Be5 31. Rf3 Bd4+ 32.
Ke2 Kf6 33. Rdf1 h5 34. Rf4 Rd7 35. Rd1 Rg4 36. Kf3 Rdg7 37. Rf1 Be5 38. Rxg4 hxg4+ 39. Kg2 Bd4 40. Rd1 Kg5 41. Re1 e5 42. Rf1 e4 43. h4+ gxh3+ 44. Kxh3 Bc3 45. Kg2 Rd7 46. Rd1 Rd4 47. Kf2 Kg4 48. Kg2 Bd2 49. Kf2 Bh6 50. Kg2 Bg7 51. Kf2 Be5 52. Kg2 Bxg3 53. Rg1 Rd2+ 0-1

[Event "Late-Titled-Tuesday-Blitz-March-05-2024"]
[Site "Chess.com"]
[Date "2024.03.05"]
[Round "5"]
[White "Quattroporte300"]
[Black "prime-morty"]
[Result "1-0"]
[WhiteElo "2473"]
[BlackElo "2584"]
[TimeControl "180+1"]
[EndTime "14:55:26 PST"]
[Termination "Quattroporte300 won on time"]

1. e4 d5 2. exd5 Qxd5 3. Nf3 Bg4 4. Be2 Nc6 5. O-O O-O-O 6. c4 Qd7 7. Nc3 e5 8. d3 Nf6 9. Bg5 Be7 10. Qa4 Kb8 11. Kh1 Bxf3 12. Bxf3 Nd4 13. Qxd7 Rxd7 14. Bd1 h6 15. Be3 c6 16. f4 exf4 17. Bxf4+ Bd6 18.
Bxd6+ Rxd6 19. Bf3 Rhd8 20. Be4 Ne6 21. Rae1 Nc5 22.
Rf3 Nxd3 23. Bxd3 Rxd3 24. Rxd3 Rxd3 25. Re7 Rd2 26. Rxf7 Rxb2 27. h3 Rc2 28. Rxg7 Rxc3 29. Rg6 Ne4 30. Rxh6 Rxc4 31. Rg6 Rc1+ 32. Kh2 Rc2 33.
h4 Rxa2 34. h5 Ra5 35. g4 Nf2 36. Kg3 Ne4+ 37. Kf4 Ra4 38. h6 Nf6+ 39. Kf5 Nh7 40. Rg8+ Kc7 41. Rg7+ Kd6 42. Rxh7 Ra5+ 43. Kf6 c5 44. Rxb7 c4 45. h7 c3 46. h8=Q c2 47. Qd8+ 1-0

[Event "Late-Titled-Tuesday-Blitz-March-05-2024"]
[Site "Chess.com"]
[Date "2024.03.05"]
[Round "5"]
[White "IMRosen"]
[Black "Genghis_K"]
[Result "0-1"]
[WhiteElo "2670"]
[BlackElo "2936"]
[TimeControl "180+1"]
[EndTime "14:55:27 PST"]
[Termination "Genghis_K won by resignation"]

1. d4 Nf6 2. Bf4 d5 3. e3 c5 4. Nf3 e6 5. Nbd2 Qb6 6. Rb1 Bd7 7. c3 cxd4 8. exd4 Bb5 9. Ne5 Nbd7 10. Qb3 Bxf1 11. Nxf1 Qa6 12. Ng3 Be7 13. Rd1 h5 14.
Ne2 h4 15. h3 Nxe5 16. Bxe5 Ne4 17. Nc1 f6 18. Bh2 Kf7 19. Nd3 Rhc8 20. O-O b6 21.
Rfe1 Qc4 22. f3 Ng3 23. Nf4 Bd6 24. Bxg3 hxg3 25. Ne2 Qxb3 26. axb3 g5 27. Rf1 a5 28. f4 gxf4 29. Nxf4 a4 30. bxa4 Rxa4 31. Nd3 Kg6 32. Rf3 Rca8 33. Kf1 Ra1 34. Re1 Rxe1+ 35. Kxe1 Ra1+ 36.
Ke2 e5 37. Rxg3+ Kf5 38. dxe5 fxe5 39. Rf3+ Ke6 40. Re3 e4 41. Ne1 Ra2 42. Nc2 Rxb2 43. Kd1 Bf4 44. Re1 Ke5 45. Nd4 Rd2+ 46. Kc1 Rxd4+ 47. Kb1 Rd2 48. g4 Bg3 49. Rg1 Bf2 50. Rf1 e3 51. g5 e2 52. Rc1 e1=Q 53. Rxe1+ Bxe1 54. g6 Rg2 55. g7 Rxg7 0-1

[Event "Late-Titled-Tuesday-Blitz-March-05-2024"]
[Site "Chess.com"]
[Date "2024.03.05"]
[Round "5"]
[White "MFatigue"]
[Black "norwaytoadog"]
[Result "0-1"]
[WhiteElo "2504"]
[BlackElo "2291"]
[TimeControl "180+1"]
[EndTime "14:55:27 PST"]
[Termination "norwaytoadog won on time"]

1. e4 c5 2. a3 Nf6 3. e5 Nd5 4. d4 cxd4 5. Qxd4 e6 6. Nf3 Nc6 7. Qd1 d6 8. exd6 Qxd6 9. c4 Nf6 10. Qxd6 Bxd6 11. b4 b6 12. Bb2 Bb7 13. Nbd2 Ke7 14.
Bd3 Rad8 15. Ke2 Rhg8 16. Rad1 Bb8 17. Ne4 Nh5 18. g3 f5 19. Nc3 g6 20. Rhe1 g5 21.
Nb5 g4 22. Nfd4 a6 23. Nxc6+ Bxc6 24. Nd4 Ba4 25. Kd2 Bxd1 26. Rxe6+ Kf7 27. Rh6 Nf6 28. Nxf5 Rg6 29. Rh4 Bf3 30. Kc2 Rxd3 31. Kxd3 Be4+ 32. Ke3 Bxf5 33. Bxf6 Kxf6 34. Rxh7 Rg7 35. Rh8 Be5 36. Ra8 Rd7 37. Rxa6 Rd3+ 38. Ke2 Rb3 39. Rxb6+ Be6 40. a4 Kf5 41. a5 Bxc4+ 42. Kd2 Rb2+ 43. Kc1 Ke4 44. Rc6 Kd5 45. Rc5+ Kd4 0-1

[Event "Late-Titled-Tuesday-Blitz-March-05-2024"]
[Site "Chess.com"]
[Date "2024.03.05"]
[Round "5"]
[White "shirovin"]
[Black "Walter_White_Poland"]
[Result "1-0"]
[WhiteElo "2076"]
[BlackElo "2354"]
[TimeControl "180+1"]
[EndTime "14:55:31 PST"]
[Termination "shirovin won on time"]

1. e4 e5 2. Nf3 Nc6 3. Bc4 Nf6 4. d3 d5 5. exd5 Nxd5 6. h3 Bf5 7. O-O Qd7 8. Re1 f6 9. Nc3 Nb6 10. Bb3 O-O-O 11. Be3 Kb8 12. a4 a5 13. Bxb6 cxb6 14. Ne4 Bc5 15. Nxc5 bxc5 16. Bc4 Nd4 17. Nxd4 cxd4 18.
Qd2 Qc7 19. b4 axb4 20. Qxb4 Rd6 21. a5 Ka7 22. Reb1 Rc8 23. a6 b6 24. f3 Be6 25.
Bxe6 Rxe6 26. Rb2 Rc6 27. Raa2 Rb8 28. Kh2 Rc8 29. Kg1 Rb8 30. Kf2 h6 31. Ke2 Rc5 32.
Kd2 Qc6 33. Ra3 Rc8 34. Raa2 Rb8 35. Qb3 Rc8 36. Qf7+ Rc7 37. Qb3 Rc8 38. Qf7+ Rc7 39. Qg6 Rc3 40. Qe4 Qxe4 41. fxe4 R7c5 42. Ra1 Ra5 43. Rab1 Rxa6 44. Rb5 Kb7 45. Rd5 Kc6 46. Rd8 Ra2 47. Re8 Rcxc2+ 48. Kd1 1-0

[Event "Late-Titled-Tuesday-Blitz-March-05-2024"]
[Site "Chess.com"]
[Date "2024.03.05"]
[Round "5"]
[White "IlanSchnaider"]
[Black "SergioMoralesG"]
[Result "1-0"]
[WhiteElo "2644"]
[BlackElo "2481"]
[TimeControl "180+1"]
[EndTime "14:55:32 PST"]
[Termination "IlanSchnaider won by resignation"]

1. e4 c5 2. Nf3 e6 3. d4 cxd4 4. Nxd4 Nc6 5. Nc3 Qc7 6. Be2 a6 7. Qd3 Nf6 8. Nxc6 bxc6 9. Qg3 Qxg3 10. hxg3 d5 11. g4 Nxe4 12. Nxe4 dxe4 13. g5 Bc5 14. Bd2 Ke7 15. Bc3 f6 16. O-O-O Bxf2 17. gxf6+ gxf6 18.
Rdf1 Be3+ 19. Kb1 e5 20. Rh4 Be6 21. Rxe4 Bg5 22. Bb4+ c5 23. Bxc5+ Kd7 24. Ba3 Rhd8 25. Bf3 Rab8 26. Rd1+ Kc7 27. Rde1 Rd2 28. Ra4 Rbd8 29.
Bb4 R2d4 30. Ba5+ Kb8 31. Ra3 R8d7 32. Bc3 R4d6 33. Bb4 Rd4 34. Bc5 Rd2 35. Rxa6 Bd5 36. Bg4 Rd8 37. Rb6+ Kc7 38. Rb4 Bc6 39. Bb6+ Kb7 40.
Bxd8+ Ka6 41. Rb6+ Ka7 42. Rxc6 Rxd8 43. Rc7+ Kb6 44.
Rxh7 Bd2 45. Rd1 Rg8 46. Rxd2 Rxg4 47. Rh1 Re4 48. b3 Kc6 49. Kb2 f5 50. Rhd1 f4 51. Rd6+ Kc7 52. Rh6 Re2 53. Rdd6 Rxg2 54. Rdg6 Kd7 55.
Rxg2 1-0